 Dungeon Crawl Stone Soup version 0.24.1-14-gf8d2b509d9 (console) character file.

Game seed: 15053292286893797906, levelgen mode: deterministic

8 Kagalorn the Sneak (level 2, -1/26 HPs)
             Began as a Gnoll Wanderer on Mar 9, 2021.
             Slain by a jackal (2 damage)
             ... on level 1 of the Dungeon.
             The game lasted 00:02:34 (170 turns).

Kagalorn the Sneak (Gnoll Wanderer)                  Turns: 170, Time: 00:02:35

Health: -1/26      AC:  2    Str: 11    XL:     2   Next: 8%
Magic:  2/2        EV: 15    Int: 13    God:
Gold:   0          SH:  0    Dex: 18    Spells: 1/1 levels left

rFire    . . .     SeeInvis .   b - +2 dagger
rCold    . . .     Gourm    .   (no shield)
rNeg     . . .     Faith    .   e - +0 robe
rPois    .         Spirit   .   (no helmet)
rElec    .         Reflect  .   (no cloak)
rCorr    .         Harm     .   (no gloves)
MR       .....                  (no boots)
Stlth    +++.......             (no amulet)
HPRegen  0.08/turn              (no ring)
MPRegen  0.08/turn              (no ring)

@: no status effects
A: distributed training, fangs 1, strong nose
a: no special abilities


You were on level 1 of the Dungeon.
You were not hungry.

You visited 1 branch of the dungeon, and saw 1 of its levels.

Inventory:

Hand Weapons
 a - a +0 spear
 b - a +2 dagger (weapon)
 h - a cursed -1 hand axe
Armour
 e - a +0 robe (worn)
Scrolls
 d - a scroll of teleportation
Potions
 c - a potion of haste
 g - 2 potions of flight {unknown}
Comestibles
 f - a ration


   Skills:
 + Level 4.4 Fighting
 + Level 0.2 Short Blades
 + Level 0.2 Long Blades
 + Level 0.2 Axes
 + Level 0.2 Maces & Flails
 + Level 4.4 Polearms
 + Level 2.4 Staves
 + Level 0.2 Slings
 + Level 0.2 Bows
 + Level 0.2 Crossbows
 + Level 0.2 Throwing
 + Level 0.2 Armour
 + Level 4.4 Dodging
 + Level 5.9 Stealth
 + Level 0.2 Shields
 + Level 0.2 Unarmed Combat
 + Level 0.2 Spellcasting
 + Level 0.1 Conjurations
 + Level 0.1 Hexes
 + Level 0.1 Charms
 + Level 0.1 Summonings
 + Level 0.1 Necromancy
 + Level 0.1 Translocations
 + Level 0.1 Transmutations
 + Level 0.1 Fire Magic
 + Level 0.1 Ice Magic
 + Level 0.1 Air Magic
 + Level 0.1 Earth Magic
 + Level 0.1 Poison Magic
 + Level 0.3 Invocations
 + Level 0.2 Evocations


You had one spell level left.
You didn't know any spells.
Your spell library was empty.

Dungeon Overview and Level Annotations

Branches:
Dungeon (1/15)

Altars:


Innate Abilities, Weirdness & Mutations

Your experience applies equally to all skills.
You have very sharp teeth.
Your uncanny sense of smell can sniff out nearby items.


Message History

Unknown command.
Okay, then.
You hit the goblin. You bite the goblin, but do no damage.
The goblin is moderately wounded.
The goblin hits you but does no damage.
You hit the goblin.
You kill the goblin!
The leopard gecko bites you.
* * * LOW HITPOINT WARNING * * *
Press: ? - help, v - describe, . - travel
Here: a leopard gecko (clinging)
The floor.
The leopard gecko closely misses you. The jackal completely misses you.
The jackal bites you but does no damage.
The jackal barely misses you. The jackal bites you.
* * * LOW HITPOINT WARNING * * *
The jackal bites you.
You die...

..###### ###l#..#.#....#
.......#####...#....#...#
...........###h...###.#.#
..#...#......###......#.#
..#...#.......#....####.
..#...#...#...#.l.......
.##...#...#...#.....####
'##...#...#...#hh#..##
P##...#...#...#.@#...#
..#≈≈≈#≈≈≈#≈≈≈#......#
.P#≈≈≈#≈≈≈#≈≈≈####...#
..# #≈≈≈#≈≈≈####.### .##≈
#≈≈≈#....# ##≈≈ #.####
≈≈≈≈ #.# ≈≈≈≈≈ #.# ≈≈≈≈≈
##.#


You could see a leopard gecko and 2 jackals.

Vanquished Creatures
  2 jackals (D:1)
  3 bats (D:1)
  2 goblins (D:1)
  A kobold (D:1)
  A rat (D:1)
9 creatures vanquished.

Notes
Turn   | Place    | Note
-------+----------+-------------------------------------------
     0 | D:1      | Kagalorn the Gnoll Wanderer began the quest for the Orb.
     0 | D:1      | Kagalorn set off with the following items: a +2 dagger, a
                  | potion of haste, a +0 spear, a scroll of teleportation, a
                  | +0 robe, a ration
     0 | D:1      | Reached XP level 1. HP: 20/20 MP: 1/1
   149 | D:1      | Reached XP level 2. HP: 5/26 MP: 2/2
   169 | D:1      | HP: 1/26 [jackal (2)]
   170 | D:1      | Slain by a jackal

Levels and vault maps discovered:
D:1:      dpeg_arrival_water_fire, layout_basic, minmay_ruptured

Action                   || total
-------------------------++-------
Melee: Dagger            ||    23
       Bite              ||     2
Armor: Robe              ||     8
Dodge: Dodged            ||    40
